 Dungeon Crawl Stone Soup version 0.29-a0-231-g945431f764 (webtiles) character file.

Game seed: 3058903193724787926

4 uselesstheremin the Cudgeller (level 1, 40/40 HPs)
             Began as a Human Berserker on Feb 28, 2022.
             Was a Follower of Trog.
             Quit the game on level 2 of the Dungeon.
             The game lasted 00:04:27 (264 turns).

uselesstheremin the Cudgeller (Human Berserker)      Turns: 264, Time: 00:04:27

Health: 40/40      AC: 20    Str: 17    XL:     1   Next: 66%
Magic:  1/1        EV:  2    Int:  7    God:    Trog [*.....]
Gold:   10         SH:  0    Dex: 12    Spells: 0/0 levels left

rFire   . . .      SeeInvis .   a - +0 mace
rCold   . . .      Faith    .   (no shield)
rNeg    . . .      Spirit   .   (body armour currently unavailable)
rPois   +          Reflect  .   (helmet currently unavailable)
rElec   .          Harm     .   (cloak currently unavailable)
rCorr   .          Rampage  .   (gloves currently unavailable)
Will    .....      NoTele   +   (boots currently unavailable)
Stlth   ..........              (no amulet)
HPRegen 0.13/turn               (no ring)
MPRegen 0.07/turn               (no ring)

@: brilliant, berserking, tree-form, very quick
A: stationary, stasis, torment immunity, boosted hp
a: Renounce Religion, Berserk


You were on level 2 of the Dungeon.
You worshipped Trog.
Trog was aware of your devotion.
You were a tree.
You visited 1 branch of the dungeon, and saw 2 of its levels.

You collected 10 gold pieces.

Inventory:

Hand Weapons
 a - a +0 mace (weapon)
 d - a +0 whip
 h - a +0 hunting sling
Missiles
 i - 10 stones (quivered)
Armour
 b - a +0 animal skin
 f - a +0 ring mail (melded)
Scrolls
 c - a scroll of enchant weapon {unknown}
 j - a scroll of holy word {unknown}


   Skills:
 + Level 3.1 Fighting
 + Level 3.1 Maces & Flails
 + Level 2.0 Armour
 + Level 2.0 Dodging


You couldn't memorise any spells.
You didn't know any spells.
Your spell library was empty.

Dungeon Overview and Level Annotations

Branches:
Dungeon (2/15)

Altars:


Message History

You cannot move.
You cannot move.
You cannot move.
You cannot move.
You cannot move.
You cannot move.
You cannot move.
You cannot move.
You cannot move.
You cannot move.
You cannot move.
You cannot move.
You cannot move.
You cannot move.
You cannot move.
You cannot move.
You cannot move.
You cannot move.
You cannot move.
You cannot move.
You cannot move.
You cannot move.
You cannot move.
You cannot move.
You cannot move.
You cannot move.
You cannot move.
You cannot move.
You cannot move.
You cannot move.
You cannot move.
You cannot move.
You cannot move.
You cannot move.
You cannot move.
You cannot move.
You cannot move.
You cannot move.
You cannot move.
Are you sure you want to abandon this character and quit the game? (Confirm with "yes".)

#.. #.# #.# #.#
#.#
#############.####
#.<..♣......#.#..
###########.#.#.#
#.#.#.#
#.#.#.######
###.#.#.......
#.....#.######
#.#.....#
#$#####'### #
#.....#


There were no monsters in sight!

Vanquished Creatures
  A hobgoblin (D:2)
  A jackal (D:1)
  A frilled lizard (D:1)
  A rat (D:2)
4 creatures vanquished.

Notes
Turn   | Place    | Note
-------+----------+-------------------------------------------
     0 | D:1      | uselesstheremin the Human Berserker began the quest for the
                  | Orb.
     0 | D:1      | Reached XP level 1. HP: 18/18 MP: 1/1
   138 | D:1      | You fall into a shaft and drop 1 floor!
   264 | D:2      | Quit the game

Illustrated notes

Levels and vault maps discovered:
D:1:      mushboom_english_gardens, layout_loops_ring,
          shapermc_ecumenical_altar_hornbeckon, minmay_tetromino_o4
D:2:      layout_basic, serial_shops, shop_fountains, uniq_natasha

Action                   || total
-------------------------++-------
Melee: Mace              ||     8
Invok: Berserk           ||     2
  Use: Potion            ||     2
Armor: Ring mail         ||     1
Dodge: Dodged            ||     4

Table legend: (Time is in decaauts)
 A = Elapsed time spent in this place.
 B = Non-inter-level travel time spent in this place.
 C = Inter-level travel time spent in this place.
 D = Time resting spent in this place.
 E = Time spent auto-exploring this place.
 F = Levels seen in this place.
 G = Mean time per level.
                   A        B        C        D        E       F      G
               +--------+--------+--------+--------+--------+-----+--------+
         Total |    273 |    273 |      0 |      0 |      7 |   2 |  136.5 |
       Dungeon |    273 |    273 |      0 |      0 |      7 |   2 |  136.5 |
               +--------+--------+--------+--------+--------+-----+--------+

Top non-repeatable levels by time:
     D:1: 138 daAuts
     D:2: 135 daAuts
